AoeStats
← 落花之情

Arena

504071424Analyzed
4v4 RM · 27d ago on Sep 3, 2026· 48m 31s· 8 players
Game mode
Random Map
Map size
Large (8 player)
Population
200
Speed
Normal
Resources
Standard
Victory
Conquest
Starting age
Dark Age
Ending age
Imperial Age
RankedLock teamsTeams togetherTeam positionsShared explorationLock speedFull tech treeHidden civsTurbo modeCheats
Victory
Defeat
🇨🇳 Chinese · China
1556
+17
🇺🇸 Jurchens · United States
1554
+17
🇲🇽 Poles · Mexico
1550
+17
🇨🇳 Bohemians · China
1535
+18
🇮🇳 Cumans · India
1636
-19
🇨🇴 Britons · Colombia
1575
-17
🇮🇳 Teutons · India
1570
-17
🇺🇸 Persians · United States
1545
-16
boo
10:21 Feudal Age
13:58 Castle Age
12:58 Double-Bit Axe
23:52 Bow Saw
23:33 Horse Collar
25:11 Loom
26:47 Wheelbarrow
26:01 Town Watch
26:19 Heavy Plow
26:50 Stone Mining
28:27 Scale Barding Armor
28:37 Husbandry
28:59 Bloodlines
29:31 Gold Mining
32:16 Forging
33:24 Hand Cart
38:30 Imperial Age
36:36 Chain Barding Armor
40:04 Plate Barding Armor
40:23 Iron Casting
39:43 Elite Steppe Lancer
41:57 Iron Casting
42:03 Gold Shaft Mining
42:04 Stone Shaft Mining
42:15 Conscription
43:20 Two-Man Saw
42:51 Crop Rotation
43:47 Blast Furnace
EXILE | Ivanistico
6:16 Loom
6:39 Loom
9:21 Feudal Age
9:47 Double-Bit Axe
11:29 Fletching
14:32 Town Watch
19:27 Castle Age
19:31 Horse Collar
20:28 Wheelbarrow
20:35 Bodkin Arrow
26:15 Scale Mail Armor
26:28 Forging
26:44 Husbandry
26:48 Pikeman
落花之情
10:25 Feudal Age
14:32 Castle Age
13:04 Double-Bit Axe
13:32 Horse Collar
16:08 Bow Saw
18:42 Wheelbarrow
20:14 Heavy Plow
21:13 Gold Mining
23:25 Hand Cart
24:10 Gold Shaft Mining
24:02 Loom
28:21 Imperial Age
26:04 Town Watch
26:34 Scale Mail Armor
26:45 Forging
26:29 Stone Mining
27:07 Squires
28:04 Chain Mail Armor
29:23 Conscription
28:25 Capped Ram
28:28 Elite Fire Lancer
28:42 Pikeman
30:08 Plate Mail Armor
30:14 Iron Casting
29:27 Halberdier
32:06 Blast Furnace
34:11 Fletching
34:33 Siege Ram
36:40 Bodkin Arrow
37:02 Masonry
37:53 Chemistry
37:13 Ballistics
37:18 Guard Tower
37:13 Arrowslits
38:34 Great Wall
39:29 Bracer
39:25 Guard Tower
39:56 Ballistics
40:07 Architecture
39:32 Murder Holes
42:25 Two-Man Saw
43:12 Keep
47:23 Heavy Scorpion
哇哈哈
11:47 Feudal Age
15:19 Castle Age
13:07 Double-Bit Axe
14:09 Horse Collar
16:13 Bow Saw
17:37 Wheelbarrow
18:15 Fervor
20:35 Loom
27:55 Imperial Age
27:13 Chemistry
27:09 Wagenburg Tactics
27:11 Fletching
27:21 Loom
28:24 Bodkin Arrow
28:42 Careening
28:47 Scale Mail Armor
29:12 Conscription
29:25 Ballistics
29:28 Masonry
30:29 Two-Man Saw
29:36 Heavy Plow
30:07 Treadmill Crane
30:06 Elite Hussite Wagon
31:13 Hand Cart
31:46 Siege Engineers
31:13 Pikeman
32:09 Halberdier
34:10 Architecture
38:14 Squires
39:20 Houfnice
Xioeng | LvSP
10:52 Feudal Age
15:55 Castle Age
13:46 Double-Bit Axe
14:17 Horse Collar
17:14 Bow Saw
17:06 Heavy Plow
23:36 Wheelbarrow
23:45 Stone Mining
25:04 Hand Cart
24:42 Gold Mining
29:10 Imperial Age
26:37 Fletching
27:29 Gold Shaft Mining
27:17 Ballistics
27:23 Bodkin Arrow
27:29 Padded Archer Armor
28:06 Pikeman
28:31 Gambesons
28:46 Squires
29:04 Leather Archer Armor
29:16 Loom
29:17 Town Watch
30:09 Yeomen
29:19 Elite Longbowman
30:20 Conscription
31:14 Two-Man Saw
30:27 Bracer
31:29 Chemistry
30:50 Guilds
31:33 Ring Archer Armor
33:06 Scale Mail Armor
33:17 Forging
33:32 Warwolf
33:21 Halberdier
34:19 Chain Mail Armor
35:33 Hoardings
37:47 Plate Mail Armor
37:53 Iron Casting
39:10 Onager
HAASHIRAMA
9:08 Feudal Age
9:57 Double-Bit Axe
12:09 Horse Collar
16:30 Wheelbarrow
17:26 Gold Mining
22:13 Castle Age
21:08 Bloodlines
21:04 Scale Barding Armor
22:12 Forging
23:32 Bow Saw
23:23 Heavy Plow
23:59 Gold Shaft Mining
23:41 Hand Cart
23:54 Capped Ram
26:48 Chain Barding Armor
27:04 Iron Casting
27:37 Town Watch
30:01 Loom
32:44 Town Patrol
35:56 Imperial Age
34:46 Town Patrol
36:07 Cavalier
37:23 Plate Barding Armor
39:04 Blast Furnace
38:06 Paladin
38:42 Pikeman
39:22 Squires
39:23 Scale Mail Armor
39:05 Siege Ram
39:57 Halberdier
41:12 Chain Mail Armor
43:10 Two-Man Saw
43:20 Plate Mail Armor
42:47 Fletching
43:50 Crop Rotation
wackadoodle
7:12 Loom
9:16 Feudal Age
10:24 Double-Bit Axe
12:04 Horse Collar
20:13 Castle Age
19:21 Fletching
30:23 Bow Saw
31:15 Wheelbarrow
31:42 Heavy Plow
34:13 Bodkin Arrow
39:44 Imperial Age
37:08 Gold Mining
38:17 Hand Cart
39:42 Scale Mail Armor
40:00 Padded Archer Armor
40:48 Fortified Wall
41:40 Chemistry
40:56 Fortified Wall
40:39 Stone Mining
43:47 Two-Man Saw
43:03 Chain Mail Armor
42:58 Forging
43:16 Squires
43:01 Arson
44:08 Stone Shaft Mining
43:55 Elite Teutonic Knight
45:06 Plate Mail Armor
46:32 Iron Casting
46:13 Leather Archer Armor
47:22 Ballistics
47:13 Masonry
shn_07
9:01 Feudal Age
9:22 Double-Bit Axe
9:18 Horse Collar
16:18 Castle Age
17:02 Bow Saw
16:52 Heavy Plow
19:18 Wheelbarrow
23:03 Gold Mining
24:20 Hand Cart
24:09 Stone Mining
24:17 Loom
28:58 Imperial Age
27:12 Gold Shaft Mining
27:13 Stone Shaft Mining
26:54 Scale Barding Armor
27:53 Town Watch
28:41 Elite War Elephant
29:43 Chain Barding Armor
30:50 Chemistry
30:44 Conscription
30:56 Bloodlines
31:21 Citadels
31:49 Sappers
32:54 Hoardings
32:51 Fletching
34:43 Hoardings
36:49 Ballistics
36:25 Bodkin Arrow
37:12 Forging
41:41 Capped Ram
42:07 Pikeman
42:47 Squires
44:41 Husbandry
Connection lost

Rejoining the realm…

Still unreachable

The connection could not be restored.

Session expired

The server has moved on; the page needs a fresh start.